 Dungeon Crawl Stone Soup version 0.20-a0-379-gc0b65bf (webtiles) character file.

18367 Duffy the Arsonist (level 12, -3/109 HPs)
             Began as a Naga Fire Elementalist on Dec 29, 2016.
             Was a Priest of Vehumet.
             Slain by a hippogriff (4 damage)
             ... on level 1 of the Lair of Beasts.
             The game lasted 00:26:47 (17626 turns).

Duffy the Arsonist (Naga Fire Elementalist)        Turns: 17626, Time: 00:26:48

Health: -3/109     AC: 11    Str: 11    XL:     12   Next: 57%
Magic:  31/31      EV: 10    Int: 20    God:    Vehumet [***...]
Gold:   180        SH: 14    Dex: 12    Spells: 12/25 levels left

rFire  + + .     SeeInvis +     I - +2 dagger (venom)
rCold  + . .     Gourm    .     G - +2 robe {rC+}
rNeg   . . .     Faith    .     a - +1 shield {rF+}
rPois  +         Spirit   .     R - +0 helmet
rElec  .         Reflect  +     t - +2 cloak
rCorr  .         Harm     .     (no gloves)
MR     +....                    (no barding)
Stlth  ++........               S - +3 amulet of reflection
                                H - ring of protection from fire
                                q - ring of magical power

@: very slow
A: see invisible, deformed body, poison resistance, slowness 2, slow metabolism
1, spit poison 1, AC +4
a: Spit Poison, Renounce Religion


You were on level 1 of the Lair of Beasts.
You worshipped Vehumet.
Vehumet was most pleased with you.
You were hungry.

You visited 4 branches of the dungeon, and saw 14 of its levels.
You also visited: Sewer and Volcano.

You collected 550 gold pieces.
You spent 370 gold pieces at shops.

Inventory:

Hand Weapons
 B - a +0 glaive
 I - a +2 dagger of venom (weapon)
 O - a +3 dagger of chaos
 Y - a +0 broad axe
Armour
 a - a +1 shield of fire resistance (worn)
 f - +1 storm dragon scales
 t - a +2 cloak (worn)
 y - a cursed +0 scale mail
 G - a +2 robe of cold resistance (worn)
 R - a +0 helmet (worn)
 U - a +0 troll leather armour
Jewellery
 d - an uncursed ring of ice
 h - an uncursed ring of ice
 q - a ring of magical power (left hand)
 H - a ring of protection from fire (right hand)
 S - a +3 amulet of reflection (around neck)
 W - an uncursed ring of resist corrosion
Wands
 w - a wand of digging (8/24)
 D - a wand of acid (4/15)
 M - a wand of polymorph (6/24)
 T - a wand of polymorph (13/24)
 Z - a wand of acid (7/15)
Scrolls
 e - 7 scrolls of teleportation
 k - 3 scrolls of fear
 m - 3 scrolls of fog
 s - a scroll of recharging
 J - 5 scrolls of remove curse
 K - a scroll of immolation
 Q - 2 scrolls of enchant armour
 V - a scroll of holy word
Potions
 i - 2 potions of might
 j - a potion of haste
 l - 3 potions of flight {unknown}
 n - 2 potions of heal wounds
 o - 4 potions of agility
 r - a potion of mutation {unknown}
 u - a potion of cure mutation {unknown}
 v - 3 potions of lignification
 x - a potion of resistance {unknown}
 z - 3 potions of berserk rage
 A - 3 potions of curing
 C - 3 potions of magic
 F - 3 potions of brilliance {unknown}
 L - 2 potions of degeneration {unknown}
Books
 b - a book of Flames

   Spells                             Type                      Level
   a - Flame Tongue                   Conjuration/Fire             1
   b - Throw Flame                    Conjuration/Fire             2
   c - Conjure Flame                  Conjuration/Fire             3
   d - Inner Flame                    Hexes/Fire                   3
   e - Sticky Flame                   Conjuration/Fire             4
   f - Fireball                       Conjuration/Fire             5
 g - a book of Misfortune

   Spells                             Type                      Level
   a - Confusing Touch                Hexes                        1
   b - Confuse                        Hexes                        3
   c - Gell's Gravitas                Hexes/Translocation          3
   d - Petrify                        Transmutation/Earth          4
   e - Metabolic Englaciation         Hexes/Ice                    5
   f - Yara's Violent Unravelling     Hexes/Transmutation          5
Comestibles
 c - 9 bread rations
 p - 5 meat rations
 N - 20 fruits


   Skills:
 - Level 7.0 Fighting
 - Level 1.5 Dodging
 - Level 3.0 Stealth
 + Level 8.7 Shields
 - Level 7.0 Spellcasting
 - Level 10.4 Conjurations
 - Level 10.5 Fire Magic


You had 12 spell levels left.
You knew the following spells:

 Your Spells              Type           Power        Failure   Level  Hunger
a - Flame Tongue          Conj/Fire      #####        1%          1    None
j - Sticky Flame          Conj/Fire      #####...     1%          4    ###....
k - Fireball              Conj/Fire      #####.....   1%          5    #####..
l - Conjure Flame         Conj/Fire      #####...     1%          3    #......


Dungeon Overview and Level Annotations

Branches:
Dungeon (11/15)            Temple (1/1) D:7            Lair (1/6) D:8
    Orc (1/2) D:11

Altars:
Ashenzari
Cheibriados
Dithmenos
Elyvilon
Fedhas
Gozag
Hepliaklqana
Kikubaaqudgha
Makhleb
Nemelex Xobeh
Okawaru
Qazlal
Ru
Sif Muna
Trog
Uskayaw
Vehumet
Xom
Yredelemnul
Zin
The Shining One

Shops:
D:5 (   D:6 }**[(   D:9 !   D:11 (

Annotations:
Lair:1 Fannar


Innate Abilities, Weirdness & Mutations

You cannot wear boots.
Your serpentine skin is tough. (AC +4)
You have supernaturally acute eyesight. (SInv)
Armour fits poorly on your strangely shaped body.
Your system is resistant to poisons. (rPois)
You cover ground very slowly.
You have a slow metabolism.
You can spit poison.


Message History

The hippogriff claws you but does no damage.
The ice beast closely misses you.
Fannar hits you with a quarterstaff of freezing.
Fannar freezes you.
You hit Fannar.
Fannar looks as sick as possible!
Fannar is moderately wounded.
The hippogriff bites you. You block the hippogriff's attack. x2
The ice beast hits you. The ice beast freezes you. You resist.
Fannar barely misses you.
You hit Fannar.
Fannar looks as sick as possible!
Fannar is moderately wounded.
You block the hippogriff's attack. x2
The hippogriff claws you but does no damage.
The ice beast hits you but does no damage.
Fannar hits you with a quarterstaff of freezing.
Fannar freezes you.
You closely miss Fannar.
Fannar is moderately wounded.
The hippogriff bites you.
You die...

,,,,,,,,,,,......................
,,,,,,,,,$.......................
,,,,,,,,,......................##
,,,,,,,,,...........#...........#
**,,,,,,,..........##...........#
*,,,,,,,..........#............#
*,,,,,,,...........#..........##
*,,,,,,,......H....#..........#
*,,,,,,,......Y@..P#..........#
*,,,,,,,......e...##..........#
**,,,,,,,..........##..........#
,,,,,,,,,..........##..........#
***,****,#.#########P.##########
* *** **#** ####


You could see Fannar, a hippogriff and an ice beast.

Vanquished Creatures
  Harold (D:11)
  3 two-headed ogres
  A tengu warrior (D:10)
  The ghost of Tungsten the Geomancer, a novice OpEE of Hepliaklqana (D:9)
  An unseen horror (D:11)
  Pikel (D:7)
  An ugly thing (D:11)
  2 cyclopes
  A manticore (D:11)
  3 centaur zombies
  Psyche (D:8)
  2 centaur skeletons
  A komodo dragon (D:10)
  3 meliai (D:11)
  A troll (D:9)
  Prince Ribbit (D:7)
  5 hippogriffs
  The ghost of Tungsten the Insei, an amateur OpTm of Elyvilon (D:5)
  A wyvern (D:10)
  11 yaks
  2 basilisks (D:8)
  A fire bat (Volcano)
  2 hungry ghosts (D:11)
  A water moccasin (D:11)
  2 ice beasts
  4 porcupines
  A sky beast (D:6)
  4 orc warriors
  4 phantoms
  A hornet zombie (D:8)
  6 ogres
  A black bear (D:8)
  A necrophage (D:8)
  2 centaurs
  2 crocodiles
  6 big kobolds
  7 bullfrogs
  8 scorpions
  3 killer bees (D:4)
  8 wights
  2 howler monkeys (D:8)
  A lava snake (Volcano)
  4 crimson imps
  2 quasits
  8 hounds
  3 jellies
  5 orc priests
  7 iguanas
  9 orc wizards
  6 worker ants
  2 killer bee zombies (D:10)
  A hound zombie (D:8)
  2 hound skeletons
  9 gnolls
  7 adders
  4 river rats (Sewer)
  2 shadow imps
  5 oozes
  2 adder skeletons
  An adder zombie (D:6)
  3 worms
  3 dart slugs
  13 leopard geckos
  46 orcs
  2 ball pythons (Sewer)
  6 giant cockroaches
  11 hobgoblins
  8 jackals
  23 kobolds
  2 quokkas (D:3)
  7 bats
  6 frilled lizards
  2 gnoll zombies (D:3)
  3 goblins
  2 jackal skeletons
  A leopard gecko skeleton (D:5)
  A leopard gecko zombie (D:5)
  9 rats
338 creatures vanquished.

Vanquished Creatures (others)
  3 slaves (D:7)
  A jelly (D:7)
  A plant (D:8)
5 creatures vanquished.

Grand Total: 343 creatures vanquished

Notes
Turn   | Place    | Note
-------+----------+-------------------------------------------
     0 | D:1      | Duffy the Naga Fire Elementalist began the quest for the Orb.
     0 | D:1      | Reached XP level 1. HP: 15/15 MP: 3/3
   151 | D:1      | Reached XP level 2. HP: 22/22 MP: 0/5
   899 | D:1      | Reached XP level 3. HP: 28/28 MP: 0/6
  1092 | D:1      | Learned a level 3 spell: Conjure Flame
  1184 | D:2      | Found a white marble altar of Elyvilon.
  1628 | D:2      | Found a shattered altar of Ashenzari.
  2287 | D:3      | Found a sparkling altar of Nemelex Xobeh.
  2297 | D:2      | Reached XP level 4. HP: 21/36 MP: 8/8
  2670 | D:3      | Found a basalt altar of Yredelemnul.
  2713 | D:3      | Learned a level 4 spell: Sticky Flame
  2907 | D:3      | Found a white marble altar of Elyvilon.
  3107 | D:3      | Reached XP level 5. HP: 33/42 MP: 9/9
  3179 | D:3      | Found an iron altar of Okawaru.
  3675 | D:4      | Noticed a phantom
  3708 | D:4      | Killed a phantom
  3708 | D:4      | Reached XP level 6. HP: 25/49 MP: 7/11
  4074 | D:4      | Reached XP level 7. HP: 43/55 MP: 13/13
  4454 | D:5      | Entered Level 5 of the Dungeon
  5188 | D:5      | Found Cerphun's Antique Weapon Shop.
  5293 | D:5      | Reached skill level 5 in Fire Magic
  5385 | D:5      | Noticed Tungsten's ghost (amateur OpTm)
  5415 | D:5      | Killed Tungsten's ghost
  5415 | D:5      | Reached skill level 5 in Conjurations
  5683 | D:5      | Found a shimmering altar of Xom.
  5890 | D:6      | Found Yskuiphank's Antique Armour Emporium.
  5943 | D:6      | Reached skill level 5 in Spellcasting
  5943 | D:6      | Reached XP level 8. HP: 50/62 MP: 14/15
  6141 | D:6      | Found Juaphac's Assorted Antiques.
  6261 | D:6      | Found Biyfuh's Weapon Shoppe.
  6332 | D:6      | Found Ruwepecite's Gadget Boutique.
  6378 | D:6      | Found Sofomn's General Store.
  6406 | D:6      | Found a glowing drain.
  6427 | Sewer    | Entered a sewer
  7281 | D:6      | Found an ancient bone altar of Kikubaaqudgha.
  7388 | D:6      | Reached XP level 9. HP: 43/68 MP: 18/18
  7693 | D:6      | Bought a scroll of identify for 20 gold pieces
  7717 | D:6      | Bought a scroll labeled DEUPHEUZICU for 23 gold pieces
  7717 | D:6      | Bought a scroll labeled MENGOY GOMPIEJ for 23 gold pieces
  7728 | D:7      | Found a staircase to the Ecumenical Temple.
  7833 | Temple   | Entered the Ecumenical Temple
  8047 | Temple   | Became a worshipper of Vehumet
  8380 | D:7      | Noticed Pikel
  8397 | D:7      | Killed Pikel
  8891 | D:7      | Noticed Prince Ribbit
  8897 | D:7      | Killed Prince Ribbit
  9399 | D:8      | Reached XP level 10. HP: 35/75 MP: 12/20
  9408 | D:7      | Learned a level 5 spell: Fireball
  9591 | D:8      | Noticed Psyche
  9601 | D:8      | Killed Psyche
 10276 | D:8      | Found a staircase to the Lair.
 10288 | D:8      | Reached * piety under Vehumet
 10288 | D:8      | Offered knowledge of Sting by Vehumet.
 10296 | D:8      | Noticed a two-headed ogre
 10296 | D:8      | Reached skill level 10 in Fire Magic
 10465 | D:8      | Reached skill level 10 in Conjurations
 10532 | D:8      | Killed a two-headed ogre
 11054 | D:8      | Reached skill level 1 in Fighting
 11054 | D:8      | Reached XP level 11. HP: 84/84 MP: 21/21
 11242 | D:8      | Reached skill level 1 in Shields
 11272 | D:9      | Noticed a two-headed ogre
 11285 | D:8      | Killed a two-headed ogre
 11775 | D:9      | Found Dacse's Distillery.
 11779 | D:9      | Noticed Tungsten's ghost (novice OpEE)
 11787 | D:9      | Killed Tungsten's ghost
 11934 | D:9      | Offered knowledge of Freeze by Vehumet.
 11945 | D:9      | Reached ** piety under Vehumet
 12183 | D:9      | Noticed a two-headed ogre
 12191 | D:9      | Killed a two-headed ogre
 12324 | D:9      | Found a stormy altar of Qazlal.
 12415 | D:9      | Found a sacrificial altar of Ru.
 12418 | D:9      | Found a glowing golden altar of the Shining One.
 12421 | D:9      | Found a snail-covered altar of Cheibriados.
 12507 | D:10     | Entered Level 10 of the Dungeon
 12507 | D:10     | Noticed an unseen horror
 12581 | D:9      | Reached skill level 5 in Fighting
 13554 | D:10     | Reached skill level 5 in Shields
 13608 | D:10     | Noticed a cyclops
 13617 | D:10     | Killed a cyclops
 14327 | D:10     | Noticed a tengu warrior
 14341 | D:10     | Killed a tengu warrior
 14341 | D:10     | Offered knowledge of Ignite Poison by Vehumet.
 14743 | D:11     | Found Rax Veo's Weapon Boutique.
 14750 | D:11     | Noticed a manticore
 14762 | D:11     | Killed a manticore
 14762 | D:11     | Reached XP level 12. HP: 42/106 MP: 22/22
 14764 | D:11     | Reached *** piety under Vehumet
 16095 | D:11     | Offered knowledge of Throw Icicle by Vehumet.
 16099 | D:11     | Noticed Harold
 16231 | D:11     | Killed Harold
 16368 | D:11     | Found a staircase to the Orcish Mines.
 16617 | Orc:1    | Entered Level 1 of the Orcish Mines
 16617 | Orc:1    | Noticed an orc warlord
 16918 | D:6      | Bought an embroidered cloak for 304 gold pieces
 17076 | Lair:1   | Entered Level 1 of the Lair of Beasts
 17091 | Lair:1   | Found a dark tunnel.
 17099 | Volcano  | Entered a volcano
 17606 | Lair:1   | Noticed Fannar
 17624 | Lair:1   | HP: 4/109 [ice beast[Fannar] (4)]
 17625 | Lair:1   | HP: 1/109 [Fannar/quarterstaff of freezing (1)]
 17626 | Lair:1   | Slain by a hippogriff

Vault maps used:
D:1:      onia_arrival_pentagram, serial_glass, glass_columns_a,
          glass_columns_c, item_on_display_a
D:2:      lemuel_doored_altar, nicolae_overflow_hidden_temple, first_bread
D:3:      lemuel_zombie_altar_yredelemnul, okawaru_altar_gauntlet_db,
          lemuel_round_altar, elyvilon_altar_4
D:4:      grunt_decor_one_mirror
D:5:      lemuel_crystal_altar, serial_shops,
          nicolae_shop_temple_entry_statues_fountains
D:6:      nicolae_overflow_crystal_walls, gup_sewer_entry_pipe, serial_shops,
          shop, kennysheep_little_box, nicolae_shop_behind_doors, shop, shop
D:7:      serial_aquarium, aquarium_bridge_island_small, aquarium_bridge_square,
          aquarium_window_fake, aquarium_window_1, aquarium_view_2c,
          aquarium_view_2g, aquarium_balcony_double_1, uniq_prince_ribbit1,
          uniq_pikel
D:8:      minmay_lair_entry_grove, minmay_misc_feat_x, uniq_psyche
D:9:      grunt_temple_overflow_diamond, lemuel_crystal_altar, serial_shops,
          shop
D:10:     grunt_tengu_nest
D:11:     david_orc_2, serial_shops, shop, uniq_harold
Temple:   dpeg_chambers_temple
Lair:1:   nicolae_volcano_entry_lava_flow, uniq_fannar
Orc:1:    enter_bailey_3
Sewer:    sewer_co_tree
Volcano:  volcano_grotto

Skill      XL: |  1  2  3  4  5  6  7  8  9 10 11 12 |
---------------+-------------------------------------+-----
Conjurations   | 2 3 4 5 6 8 10 | 10.4
Spellcasting   | 3 4 5 6 7 |  7.0
Fire Magic     | 4 5 6 8 10 | 10.5
Fighting       | 1 6 7 |  7.0
Shields        | 5 8 |  8.7
Dodging        | |  1.5
Stealth        | |  3.0

Action                   |  1- 3 |  4- 6 |  7- 9 | 10-12 || total
-------------------------+-------+-------+-------+-------++-------
Melee: Dagger            |       |     3 |    17 |   232 ||   252
       Glaive            |       |       |    65 |       ||    65
 Cast: Flame Tongue      |    64 |    89 |   241 |   364 ||   758
       Conjure Flame     |       |     3 |     6 |    20 ||    29
       Sticky Flame      |       |       |    11 |    45 ||    56
       Fireball          |       |       |       |    22 ||    22
 Abil: Spit Poison       |     6 |     7 |    10 |       ||    23
Evoke: Wand              |       |       |       |     5 ||     5
  Use: Scroll            |     3 |     1 |     8 |     7 ||    19
       Potion            |       |       |     2 |     2 ||     4
  Eat: Chunk             |     4 |     5 |    17 |    22 ||    48
       Bread ration      |       |       |       |     1 ||     1
       Beef jerky        |       |       |       |     1 ||     1
       Fruit             |       |       |       |     1 ||     1
       Pizza             |       |       |       |     1 ||     1
Armor: Robe              |    11 |     2 |    45 |   115 ||   173
       Skin              |       |       |    15 |     6 ||    21
Dodge: Dodged            |    20 |    27 |    84 |   138 ||   269
Block: Shield            |       |       |       |   197 ||   197
       Reflection        |       |       |       |     8 ||     8
